 Dungeon Crawl Stone Soup version 0.29.0-4-gdea44cf6ec (webtiles) character file.

Game seed: 13979911807597865423

2140294 diecastcamel the Slayer (level 27, 260/260 HPs)
             Began as a Ghoul Fighter on Aug 25, 2022.
             Was the Champion of Okawaru.
             Escaped with the Orb
             ... and 4 runes on Aug 27, 2022!
             The game lasted 05:29:34 (79692 turns).

diecastcamel the Slayer (Ghoul Fighter)            Turns: 79692, Time: 05:29:35

Health: 260/260    AC: 64    Str: 30    XL:     27
Magic:  38/38      EV: 17    Int: 10    God:    Okawaru [******]
Gold:   7069       SH: 35    Dex: 18    Spells: 26/26 levels left

rFire   + + .      SeeInvis .     - Unarmed
rCold   + + .      Faith    .   v - +8 tower shield
rNeg    + + +      Spirit   .   V - +19 crystal plate armour "Feqyzor" {rCorr Int+5}
rPois   ∞          Reflect  +   U - +2 helmet {Int+3}
rElec   +          Harm     .   i - +2 cloak {Will+}
rCorr   +          Rampage  .   p - +2 pair of gloves {Dex+3}
Will    +++..                   K - +3 pair of boots of Pride {rElec rC+}
Stlth   ..........              X - amulet of Cuomipt {Reflect Dex+3 SH+5}
HPRegen 0.00/turn               R - ring "Ofuylax" {rF+ rN+}
MPRegen 0.26/turn               a - ring "Wuryzuji" {rF+ rN+ MP+9 Int-5 Dex+4}

@: inhibited regen
A: claws 1, cold resistance 1, negative energy resistance 3, inhibited
regeneration, torment resistance 2, devour on kill
0: Orb of Zot
}: 4/15 runes: serpentine, barnacled, silver, abyssal
a: Renounce Religion, Heroism, Finesse, Duel


You escaped.
You worshipped Okawaru.
Okawaru was exalted by your worship.
You visited 10 branches of the dungeon, and saw 50 of its levels.
You visited the Abyss 2 times.
You also visited: Gauntlet.

You collected 10405 gold pieces.
You spent 3336 gold pieces at shops.

Inventory:

Missiles
 D - 31 poisoned darts (quivered)
Armour
 b - the +2 cloak "Kadewn" {rCorr Slay+2}
   (You found it on level 1 of the Crypt)

   Slay:      It affects your accuracy & damage with ranged weapons and melee
   (+2).
   rCorr:     It protects you from acid and corrosion.
 h - a scarf of resistance
 i - a +2 cloak of willpower (worn)
 p - a +2 pair of gloves of dexterity (worn)
 v - a +8 tower shield (worn)
 C - +0 gold dragon scales
 K - the +3 pair of boots of Pride (worn) {rElec rC+}
   (Okawaru gifted it to you on level 3 of the Realm of Zot)

   rC:        It protects you from cold.
   rElec:     It insulates you from electricity.
 U - a +2 helmet of intelligence (worn)
 V - the +19 crystal plate armour "Feqyzor" (worn) {rCorr Int+5}
   (Okawaru gifted it to you on level 2 of the Vaults)

   Int:       It affects your intelligence (+5).
   rCorr:     It protects you from acid and corrosion.
Jewellery
 a - the ring "Wuryzuji" (right hand) {rF+ rN+ MP+9 Int-5 Dex+4}
   (You found it on level 2 of the Orcish Mines)

   [ring of positive energy]

   Int:       It affects your intelligence (-5).
   Dex:       It affects your dexterity (+4).
   rF:        It protects you from fire.
   rN:        It protects you from negative energy.
   MP:        It affects your magic capacity (+9).
 c - a +4 ring of protection
 g - the amulet "Epha" {Spirit rPois rN+ SInv}
   (You found it on level 5 of the Realm of Zot)

   [amulet of guardian spirit]

   It causes incoming damage to be divided between your reserves of health and
   magic.
   rPois:     It protects you from poison.
   rN:        It protects you from negative energy.
   SInv:      It lets you see invisible.
 q - the dreamshard necklace {*Dream Drain}
   (You found it on level 3 of the Depths)

   [amulet of nothing]

   It shatters if its wearer takes lethal or near-lethal damage, preventing the
   blow and releasing protective dreams that heal and fight for the wearer.
   Drain:     It drains your maximum health when unequipped.
 J - the ring "Vanug" {rC- rCorr Str+3}
   (You took it off a tengu reaver on level 5 of the Vaults)

   [ring of resist corrosion]

   Str:       It affects your strength (+3).
   rC:        It makes you vulnerable to cold.
   rCorr:     It protects you from acid and corrosion.
 O - the ring "Gyc Tuem" {rElec rN+}
   (You found it on level 3 of the Crypt)

   [ring of positive energy]

   rElec:     It insulates you from electricity.
   rN:        It protects you from negative energy.
 R - the ring "Ofuylax" (left hand) {rF+ rN+}
   (You found it on level 3 of the Crypt)

   [ring of positive energy]

   rF:        It protects you from fire.
   rN:        It protects you from negative energy.
 T - the ring of the Blind Eye {rElec rC+ rN++ Int-4 Dex+6}
   (You found it on level 1 of the Vaults)

   [ring of dexterity]

   Int:       It affects your intelligence (-4).
   Dex:       It affects your dexterity (+6).
   rC:        It protects you from cold.
   rElec:     It insulates you from electricity.
   rN:        It greatly protects you from negative energy.
 X - the amulet of Cuomipt (around neck) {Reflect Dex+3 SH+5}
   (You took it off a deep elf elementalist on level 3 of the Elven Halls)

   [amulet of reflection]

   It reflects blocked missile attacks.
   Dex:       It affects your dexterity (+3).
   SH:        It affects your SH (+5).
Wands
 m - a wand of flame (109)
 s - a wand of digging (26)
 z - a wand of quicksilver (17)
 E - a wand of roots (29)
 Q - a wand of polymorph (5)
 S - a wand of mindburst (26)
Scrolls
 f - 16 scrolls of teleportation
 l - 11 scrolls of poison
 o - 6 scrolls of fog
 r - 3 scrolls of torment
 t - a scroll of silence
 u - 7 scrolls of fear
 w - 3 scrolls of enchant armour
 y - 3 scrolls of blinking
 B - 8 scrolls of magic mapping
 H - 25 scrolls of identify
 N - 2 scrolls of vulnerability
Potions
 d - a potion of ambrosia
 e - 6 potions of flight
 j - 8 potions of might
 k - 3 potions of brilliance
 n - a potion of heal wounds
 x - 4 potions of haste
 A - 3 potions of invisibility
 G - 9 potions of curing
 I - 3 potions of resistance
 L - a potion of cancellation
 M - 6 potions of magic


   Skills:
 - Level 23.7 Fighting
 - Level 22.0 Armour
 + Level 21.9 Dodging
 + Level 19.8 Shields
 - Level 23.6 Unarmed Combat
 - Level 10.0 Invocations


You had 26 spell levels left.
You didn't know any spells.
Your spell library contained the following spells:

 Spells                   Type           Power      Damage    Failure   Level
 Apportation              Tloc           0%         N/A       100%        1
 Necrotise                Necr           0%         1d4       100%        1
 Shock                    Conj/Air       0%         1d3       100%        1
 Poisonous Vapours        Pois/Air       0%         N/A       100%        2
 Static Discharge         Conj/Air       0%         3-3/arc   100%        2
 Conjure Flame            Conj/Fire      0%         6-21      100%        3
 Dazzling Flash           Conj/Hex       0%         N/A       100%        3
 Gell's Gravitas          Tloc           0%         N/A       100%        3
 Ignite Poison            Fire/Tmut/Pois 0%         N/A       100%        3
 Inner Flame              Hex/Fire       0%         N/A       100%        3
 Lesser Beckoning         Tloc           0%         N/A       100%        3
 Ozocubu's Armour         Ice            0%         N/A       100%        3
 Stone Arrow              Conj/Erth      0%         3d7       100%        3
 Swiftness                Air            0%         N/A       100%        3
 Teleport Other           Tloc           0%         N/A       100%        3
 Vampiric Draining        Necr           0%         2d6       100%        3
 Airstrike                Air            0%         2d(0-16)  100%        4
 Anguish                  Hex/Necr       0%         N/A       100%        4
 Corpse Rot               Necr/Pois/Air  0%         N/A       100%        4
 Dispel Undead            Necr           0%         3d6       100%        4
 Olgreb's Toxic Radiance  Pois           0%         N/A       100%        4
 Sticky Flame             Conj/Fire      0%         2d3       100%        4
 Agony                    Necr           0%         N/A       100%        5
 Alistair's Intoxication  Tmut/Pois      0%         N/A       100%        5
 Borgnjor's Vile Clutch   Necr/Erth      0%         N/A       100%        5
 Fireball                 Conj/Fire      0%         3d3       100%        5
 Freezing Cloud           Conj/Ice/Air   0%         6-21      100%        5
 Lightning Bolt           Conj/Air       0%         1d11      100%        5
 Metabolic Englaciation   Hex/Ice        0%         N/A       100%        5
 Silence                  Hex/Air        0%         N/A       100%        5
 Conjure Ball Lightning   Conj/Air       0%         3x3d6     100%        6
 Eringya's Noxious Bog    Tmut/Pois      0%         N/A       100%        6
 Starburst                Conj/Fire      0%         6d3       100%        6
 Ozocubu's Refrigeration  Ice            0%         4d7       100%        7
 Discord                  Hex            0%         N/A       100%        8
 Disjunction              Tloc           0%         N/A       100%        8
 Lehudib's Crystal Spear  Conj/Erth      0%         10d2      100%        8
 Maxwell's Capacitive Co  Air            0%         ∞         100%        8
 Summon Small Mammal      Summ           Unusable   N/A       N/A         1
 Wereblood                Tmut           Unusable   N/A       N/A         2
 Call Canine Familiar     Summ           Unusable   N/A       N/A         3
 Summon Guardian Golem    Hex/Summ       Unusable   N/A       N/A         3
 Animate Armour           Summ/Erth      Unusable   N/A       N/A         4
 Summon Lightning Spire   Summ/Air       Unusable   N/A       N/A         4
 Simulacrum               Ice/Necr       Unusable   N/A       N/A         6
 Haunt                    Necr/Summ      Unusable   N/A       N/A         7
 Storm Form               Tmut/Air       Unusable   N/A       N/A         7

Dungeon Overview and Level Annotations

Branches:
Dungeon (15/15)            Temple (0/1) D:6            Lair (5/5) D:9
 Shoals (4/4) Lair:3        Snake (4/4) Lair:2        Slime (0/5) Lair:5
    Orc (2/2) D:12            Elf (3/3) Orc:2        Vaults (5/5) D:13
  Crypt (3/3) Vaults:2       Tomb (0/3) Crypt:3      Depths (4/4) D:15
    Zot (5/5) Depths:4    Gauntlet (visited)

Altars:
Cheibriados
Dithmenos
Kikubaaqudgha
Nemelex Xobeh
Okawaru
Qazlal
Ru
Trog
Uskayaw
Vehumet
Xom
Yredelemnul
Jiyva

Shops:
D:1 ![[:   D:11 =?(?*   D:15 :   Orc:1 !   Orc:2 [**!**   Elf:1 =:=
Elf:2 !!(=*   Shoals:3 *   Vaults:1 =   Vaults:4 *

Portals:
Hell: Depths:1 Depths:2 Depths:3 Depths:4
Abyss: Snake:2 Depths:3
Pandemonium: Depths:2
Ziggurat: Depths:2

Annotations:
Snake:3 Roxanne
Orc:1 2 transporters, Renzlar's ghost, journeyman GnFi
Depths:1 1 exclusion
Depths:2 exclusion: 2 statues
Zot:1 exclusion: 2 lightning spires


Innate Abilities, Weirdness & Mutations

You are immune to poison.
You have sharp fingernails.
Your flesh is cold resistant. (rC+)
You are immune to negative energy. (rN+++)
You do not regenerate when monsters are visible.
You are immune to unholy pain and torment.
You thrive by killing the living.


Message History

There is a stone staircase leading down here.
(D) Dungeon (T) Temple (L) Lair (A) Shoals (P) Snake Pit (M) Slime Pits (O) Orcish Mines (E) Elven Halls (V) Vaults (C) Crypt (W) Tomb (U) Depths (H) Hell (Z) Zot
Where to? (Enter - D:5 @ (x,y), ? - help)
You climb downwards.
There is a stone staircase leading up here.
(D) Dungeon (T) Temple (L) Lair (A) Shoals (P) Snake Pit (M) Slime Pits (O) Orcish Mines (E) Elven Halls (V) Vaults (C) Crypt (W) Tomb (U) Depths (H) Hell (Z) Zot
Where to? (Enter - D:5 @ (x,y), ? - help)
What level of the Dungeon? (default 1, ? - help)
You climb upwards.
There is a stone staircase leading down here.
There is a stone staircase leading up here.
You climb upwards.
There is a stone staircase leading down here.
Things that are here:
a +0 scale mail; a +0 whip
There is a stone staircase leading up here.
You climb upwards.
There is a stone staircase leading down here.
Things that are here:
2 boomerangs; a +0 falchion
There is a stone staircase leading up here.
You climb upwards.
There is a stone staircase leading down here.
HP restored.
A shadow demon and a demonspawn corrupter come into view.
The demonspawn corrupter shouts!
The demonspawn corrupter calls forth creatures from the Crypt!
You feel yourself speed up.
A chaos spawn comes into view.
Your extra speed is starting to run out.
You feel yourself slow down.
There is a staircase leading out of the dungeon here.
You can't go down here!
You have escaped!

.###.......##....#...##.........#
.##.........######...##.......###
.##....8....##...##.###[......#..
.##............#...## #######.#..
.###.......######### #.#.. .#
###...######...### ####.#..
.#####.### ##.......## #.......
###...### #.........#####.##.###
#.......####.4..@....#...#.##...#
.........##..........#.#.#.###.##
....8......##.......##.........##
.........######...####.#.#.######
#.......## ########.##.#.#.####..
###...### #........##.#.#......#
##### #.######.##.######..##
#.....................
####....###.##.######>###


You could see a chaos spawn.

Vanquished Creatures
  6 dread liches
  4 ancient liches
  Mara (Vaults:2)
  5 orbs of fire
  A juggernaut (Depths:4)
  A pandemonium lord (Zot:1)
  Sojobo (Depths:2)
  Boris (Vaults:4)
  3 curse toes (Zot:5)
  2 Killer Klowns (Zot:5)
  Bai Suzhen (Shoals:2)
  Vashnia (Snake:2)
  Nikola (Snake:3)
  Saint Roka (Elf:2)
  10 golden dragons
  4 profane servitors
  2 bone dragons
  12 tentacled monstrosities
  Jorgrun (D:14)
  4 electric golems
  25 Orb Guardians
  6 liches
  3 deep elf blademasters
  An Ice Fiend (D:5)
  Asterion (Elf:3)
  4 titans
  4 quicksilver dragons
  2 deep elf master archers (Elf:3)
  Polyphemus (Shoals:3)
  3 ancient champions
  6 death cobs
  2 Executioners (Abyss:4)
  8 sphinxes
  16 storm dragons
  10 shadow dragons
  The ghost of wjtupper the Warrior, an adept MiHu of Okawaru (Snake:2)
  7 tengu reavers
  Donald (Snake:2)
  A fenstrider witch (shapeshifter) (Vaults:5)
  11 fire giants
  4 revenants
  A daeva (Abyss:4)
  8 draconian monks
  6 draconian knights
  3 draconian scorchers
  8 frost giants
  13 nagarajas
  2 orc warlords
  An iron dragon (Vaults:5)
  3 ghost moths
  5 deep elf sorcerers
  4 cacodemons
  Aizul (Snake:3)
  5 balrugs
  5 deep elf elementalists (Elf:3)
  18 vault wardens
  6 ghouls
  5 draconian stormcallers
  An angel (Abyss:4)
  A juggernaut zombie (D:15)
  A caustic shrike skeleton (Crypt:3)
  A curse skull (Crypt:3)
  7 draconian shifters
  4 draconian annihilators
  3 spriggan defenders (Depths:4)
  A juggernaut skeleton (Crypt:3)
  5 ironbound thunderhulks
  15 ironbound preservers
  8 war gargoyles
  18 stone giants
  19 very ugly things
  The ghost of DemonSlayer the Thaumaturge, a journeyman DsFE of Cheibriados (Orc:2)
  9 green draconians
  6 vampire knights
  4 deep elf demonologists
  Nessos (D:14)
  10 red draconians
  4 dire elephants
  10 purple draconians
  11 white draconians
  3 entropy weavers
  9 spark wasps
  6 yellow draconians
  A minotaur (Gauntlet)
  14 black draconians
  4 deep elf annihilators
  2 merfolk javelineers
  8 ettins
  Josephine (D:14)
  3 crystal guardians
  Snorg (D:11)
  3 eidola
  12 yaktaur captains
  3 merfolk impalers
  8 deep elf death magi
  7 jiangshi
  9 great orbs of eyes
  4 deep elf high priests
  37 vault guards
  A rakshasa (Depths:3)
  7 fire dragons
  A great orb of eyes (shapeshifter) (Abyss:5)
  4 peacekeepers
  5 boulder beetles
  8 ice dragons
  The ghost of corvin the Basher, a journeyman DgWn (D:12)
  A salamander tyrant (Snake:3)
  4 catoblepae
  2 death knights (Crypt:1)
  3 spriggan air magi
  An anaconda (shapeshifter) (Vaults:5)
  2 alligator snapping turtles
  9 hydras
  19 centaur warriors
  9 ironbound frosthearts
  4 merfolk avatars
  A two-headed ogre (shapeshifter) (D:15)
  11 anacondas
  3 satyrs (Shoals:3)
  23 dancing weapons
  4 ogre magi
  9 merfolk aquamancers
  7 tengu warriors
  An alligator (shapeshifter) (Elf:2)
  15 naga warriors
  3 deep troll shamans
  4 orc high priests
  4 deep troll earth magi
  5 death yaks
  21 thrashing horrors
  9 two-headed ogres
  5 vampire magi
  Urug (D:11)
  7 soul eaters
  12 shock serpents
  2 spriggan berserkers
  9 sun demons
  12 hell knights
  3 wretched stars
  16 deep elf knights
  11 naga sharpshooters
  A storm dragon zombie (Vaults:4)
  25 skeletal warriors
  A storm dragon skeleton (Vaults:4)
  A fire crab (Lair:5)
  A titan skeleton (Crypt:3)
  12 sea snakes
  3 shadow wraiths
  4 salamander mystics
  4 sixfirhies
  A spriggan druid (Depths:1)
  4 iron trolls (Depths:1)
  A flayed ghost (Crypt:2)
  A golden dragon zombie (Depths:2)
  41 deep trolls
  A goliath frog (Lair:5)
  A bog body (Crypt:2)
  3 starcursed masses (Abyss:4)
  4 glowing orange brains
  4 naga ritualists
  5 orc knights
  12 wizards
  7 lindwurms
  A sphinx zombie (Depths:2)
  24 deep elf pyromancers
  An obsidian statue (Zot:5)
  6 deep elf archers
  11 phantasmal warriors
  2 wolf spider zombies (D:14)
  14 ironbound convokers
  7 orc sorcerers
  25 deep elf zephyrmancers
  13 necromancers
  A shadow dragon skeleton (Crypt:1)
  9 mana vipers
  57 ugly things
  An oklob plant (Lair:5)
  9 harpies
  A wolf spider (shapeshifter) (Vaults:5)
  A fire giant zombie (Vaults:1)
  12 salamanders
  5 cyclopes
  14 manticores
  26 fauns
  24 black mambas
  A sphinx skeleton (Vaults:4)
  8 guardian serpents
  A guardian serpent (shapeshifter) (D:12)
  A moth of wrath (shapeshifter) (Abyss:5)
  22 vault sentinels
  A worldbinder (Abyss:4)
  6 elephants
  23 moths of wrath
  9 centaur zombies
  12 merfolk sirens
  A dire elephant zombie (Crypt:3)
  A rust devil (Depths:2)
  3 stone giant skeletons
  An orange demon (Depths:2)
  An apocalypse crab (Snake:2)
  10 fire giant skeletons (Crypt:3)
  21 large abominations
  4 smoke demons
  2 centaur skeletons (Crypt:3)
  19 cane toads
  16 naga magi
  4 water nymphs
  4 rime drakes
  5 gargoyles
  3 unseen horrors
  A swamp worm zombie (Crypt:2)
  2 hellions
  Psyche (D:11)
  6 freezing wraiths
  A redback zombie (D:14)
  5 komodo dragons
  A tormentor (Depths:2)
  28 yaktaurs
  A death drake zombie (Crypt:2)
  An ancient zyme (Abyss:4)
  A hydra zombie (Crypt:1)
  5 tengu conjurers
  4 guardian mummies (Crypt:3)
  35 merfolk
  8 trolls
  4 wind drakes (Shoals:1)
  A polar bear (shapeshifter) (D:14)
  3 tyrant leeches (Lair:5)
  11 raiju
  4 polar bears
  31 blink frogs
  A blink frog (shapeshifter) (D:15)
  A hornet (Lair:2)
  19 slime creatures
  2 spriggan zombies
  Prince Ribbit (D:5)
  3 snapping turtles
  2 harpy skeletons (Crypt:3)
  Grinder (D:5)
  A meliai zombie (D:14)
  A stone giant simulacrum (Vaults:1)
  A human simulacrum (Vaults:4)
  11 flying skulls
  6 fire dragon skeletons (Crypt:3)
  25 water elementals
  7 shadows
  2 ynoxinuls (Abyss:4)
  3 wyverns
  An air elemental (Elf:3)
  49 yaks
  11 wraiths
  A yak (shapeshifter) (Depths:4)
  A basilisk (shapeshifter) (Depths:2)
  3 basilisks
  2 fire elementals
  6 humans (D:13)
  A steam dragon (D:7)
  A redback (Vaults:4)
  A chaos spawn (Depths:2)
  7 vampire mosquitoes
  32 nagas
  An acid dragon (D:12)
  Menkaure (D:5)
  4 wargs
  2 glowing shapeshifter zombies
  A demonspawn zombie (Crypt:1)
  A water nymph zombie (Crypt:2)
  5 hell hounds
  16 water moccasins
  A floating eye (Abyss:4)
  A sky beast (D:6)
  38 orc warriors
  A human skeleton (D:15)
  A sky beast (shapeshifter) (Vaults:5)
  3 black bears
  3 ice beasts
  A hornet zombie (D:14)
  An ogre (shapeshifter) (Vaults:5)
  6 wolves
  12 ogres
  A shining eye zombie (Crypt:1)
  7 centaurs
  5 boggarts (Vaults:2)
  A dream sheep skeleton (Crypt:2)
  3 phantoms (D:6)
  5 kobold brigands
  7 necrophages
  18 bullfrogs
  6 scorpions
  A cyclops zombie (Crypt:2)
  2 gnoll sergeants
  2 earth elementals (Elf:2)
  20 wights
  14 small abominations
  A water moccasin skeleton (Crypt:1)
  4 killer bees (D:10)
  3 spriggan skeletons
  3 electric eels
  2 howler monkeys (D:7)
  A shapeshifter skeleton (Crypt:2)
  12 orc priests
  A bullfrog skeleton (Crypt:1)
  2 boggart zombies (D:14)
  3 gnoll boudas
  Terence (D:2)
  5 iguanas
  26 orc wizards
  4 hell rats (Lair:5)
  An ogre zombie (Crypt:1)
  8 mummies
  A swamp drake zombie (Crypt:1)
  23 gnolls
  8 adders
  2 white imps
  2 ufetubi
  4 worms
  4 dart slugs
  72 orcs
  3 ball pythons
  5 bats
  5 endoplasms
  2 giant cockroaches
  10 hobgoblins
  31 kobolds
  4 quokkas
  3 frilled lizards (D:3)
  9 goblins
  A hobgoblin skeleton (Crypt:1)
  A jackal skeleton (Crypt:2)
  5 rats
  A ball lightning (Zot:1)
2228 creatures vanquished.

Vanquished Creatures (others)
  A draconian knight (Zot:3)
  A fire giant (Vaults:4)
  2 draconian shifters (Zot:1)
  A spriggan defender (Depths:4)
  2 deep elf knights (Elf:2)
  A wizard (Vaults:3)
  3 deep elf zephyrmancers
  2 deep elf pyromancers
  An unseen horror (Abyss:5)
  A merfolk (Shoals:4)
  A raiju (Zot:1)
  A water elemental (Elf:2)
  A warg (Elf:2)
  An orc warrior (Elf:2)
  An ice beast (shapeshifter) (Abyss:5)
  2 small abominations
  An orc priest (Elf:2)
  3 orcs (Elf:2)
  4 ball lightnings (Zot:1)
  83 fungi
  2 lurking horrors (Abyss:5)
  230 plants
  74 starspawn tentacles
  4 tentacles (Shoals:2)
  2 withered plants (D:15)
425 creatures vanquished.

Grand Total: 2653 creatures vanquished

Notes
Turn   | Place    | Note
-------+----------+-------------------------------------------
     0 | D:1      | diecastcamel the Ghoul Fighter began the quest for the Orb.
     0 | D:1      | Reached XP level 1. HP: 19/19 MP: 0/0
   323 | D:1      | Found Miuliher's Book Emporium.
   341 | D:1      | Reached XP level 2. HP: 26/26 MP: 1/1
   587 | D:1      | Found Kahor's Antique Armour Emporium.
   700 | D:1      | Found Ezec's Antique Armour Emporium.
   953 | D:1      | Found Xamit's Distillery.
  1321 | D:2      | Reached XP level 3. HP: 33/33 MP: 2/2
  1652 | D:2      | Found a faded altar of an unknown god.
  1976 | D:2      | Noticed Terence
  1998 | D:2      | Killed Terence
  1999 | D:2      | Reached XP level 4. HP: 28/40 MP: 1/3
  2295 | D:3      | Found a shimmering altar of Xom.
  2331 | D:3      | Found a stormy altar of Qazlal.
  2379 | D:3      | Found a sacrificial altar of Ru.
  2487 | D:3      | Reached XP level 5. HP: 35/46 MP: 4/4
  2592 | D:3      | Found a bloodstained altar of Trog.
  3335 | D:4      | Reached skill level 5 in Unarmed Combat
  3335 | D:4      | Reached XP level 6. HP: 45/53 MP: 3/5
  4087 | D:4      | Found an iron altar of Okawaru.
  4222 | D:4      | Found a radiant altar of Vehumet.
  4294 | D:4      | Became a worshipper of Warmaster Okawaru
  4335 | D:5      | Entered Level 5 of the Dungeon
  4335 | D:5      | Noticed Grinder
  4336 | D:5      | Paralysed by Grinder for 2 turns
  4499 | D:5      | Noticed Prince Ribbit
  4512 | D:5      | Found a hide-covered altar of Uskayaw.
  4531 | D:5      | Reached skill level 5 in Fighting
  4531 | D:5      | Reached XP level 7. HP: 61/61 MP: 6/6
  5224 | D:5      | Found a shadowy altar of Dithmenos.
  5241 | D:5      | Reached skill level 1 in Invocations
  5318 | D:5      | Paralysed by Grinder for 3 turns
  5659 | D:5      | Noticed Menkaure
  5666 | D:5      | Killed Menkaure
  5666 | D:5      | Reached * piety under Okawaru
  6006 | D:6      | Found a staircase to the Ecumenical Temple.
  6062 | D:6      | Reached XP level 8. HP: 69/69 MP: 5/8
  6446 | D:6      | Reached ** piety under Okawaru
  6973 | D:6      | Reached XP level 9. HP: 78/78 MP: 10/10
  7535 | D:6      | Reached skill level 5 in Armour
  7632 | D:5      | Killed Prince Ribbit
  7632 | D:5      | Reached *** piety under Okawaru
  7689 | D:5      | Paralysed by Grinder for 2 turns
  7693 | D:5      | Killed Grinder
  7704 | D:5      | Reached skill level 5 in Invocations
  8382 | D:7      | Reached skill level 10 in Unarmed Combat
  8412 | D:7      | Reached XP level 10. HP: 88/88 MP: 8/12
  8579 | D:7      | Reached **** piety under Okawaru
  8925 | D:7      | Found a transporter.
  8929 | D:7      | Found a transporter.
  9583 | D:8      | Noticed a manticore
  9848 | D:8      | Killed a manticore
  9849 | D:8      | Reached skill level 5 in Shields
 10077 | D:8      | Identified the +1 pair of boots of the Eternal Fruit {-Tele
                  | rElec SInv}
 10226 | D:8      | Reached ***** piety under Okawaru
 10345 | D:8      | Reached skill level 1 in Dodging
 10632 | D:9      | Found a snail-covered altar of Cheibriados.
 10828 | D:9      | Received a gift from Okawaru
 10828 | D:9      | Found the +8 demon trident "Rift" {distort, reach+}
 10864 | D:9      | Found a staircase to the Lair.
 10884 | D:9      | Reached XP level 11. HP: 62/97 MP: 8/14
 11856 | Lair:1   | Entered Level 1 of the Lair of Beasts
 11867 | Lair:1   | Got the Verses on the Shifting Arsonist
 13005 | Lair:2   | Found a staircase to the Snake Pit.
 13238 | Lair:1   | Identified the +1 robe "Wavel" {rF+} (Okawaru gifted it to
                  | you on level 1 of the Lair of Beasts)
 13238 | Lair:1   | Received a gift from Okawaru
 13240 | Lair:1   | Reached skill level 10 in Fighting
 13594 | Lair:1   | Reached XP level 12. HP: 87/106 MP: 14/16
 14719 | Lair:3   | Noticed a four-headed hydra
 14740 | Lair:3   | Killed a four-headed hydra
 15087 | Lair:3   | Identified the +0 chain mail of Minor Irritation {rElec}
                  | (Okawaru gifted it to you on level 3 of the Lair of Beasts)
 15087 | Lair:3   | Received a gift from Okawaru
 15383 | Lair:3   | Found a staircase to the Shoals.
 15938 | Lair:3   | Noticed a boulder beetle
 15956 | Lair:3   | Killed a boulder beetle
 16522 | Lair:4   | Noticed a catoblepas
 16526 | Lair:4   | Noticed a death yak
 16538 | Lair:4   | Killed a catoblepas
 16540 | Lair:4   | Noticed a death yak
 16540 | Lair:4   | Noticed a death yak
 16548 | Lair:4   | Killed a death yak
 16549 | Lair:4   | Reached XP level 13. HP: 96/117 MP: 9/17
 17274 | Lair:5   | Entered Level 5 of the Lair of Beasts
 17419 | Lair:5   | Identified the +9 crystal plate armour of the Alphagorgon
                  | {rCorr Slay-6 SInv} (Okawaru gifted it to you on level 5 of
                  | the Lair of Beasts)
 17419 | Lair:5   | Received a gift from Okawaru
 17482 | Lair:5   | Reached ****** piety under Okawaru
 18029 | Lair:5   | Reached skill level 10 in Armour
 18327 | Lair:5   | Found a snail-covered altar of Cheibriados.
 18847 | Lair:5   | Reached XP level 14. HP: 126/127 MP: 17/20
 19083 | Lair:5   | Received a gift from Okawaru
 19217 | Lair:5   | Found a viscous altar of Jiyva.
 19217 | Lair:5   | Found a staircase to the Slime Pits.
 19326 | Lair:5   | Found the +8 arc blade {discharge, rElec}
 19614 | D:10     | Entered Level 10 of the Dungeon
 20572 | D:11     | Found Dicw's Magic Scroll Shop.
 20625 | D:11     | Found Ferisoaw's General Store.
 20656 | D:11     | Found Qaiplug's Weapon Shoppe.
 20680 | D:11     | Found a gate leading to a gauntlet.
 20684 | D:11     | Found Kiloid's Magic Scroll Emporium.
 20685 | D:11     | Noticed Urug
 20700 | D:11     | Killed Urug
 20710 | Gauntlet | Entered a Gauntlet
 20710 | Gauntlet | Found a transporter.
 20724 | Gauntlet | Found a transporter.
 20734 | Gauntlet | Found a transporter.
 20739 | Gauntlet | Found a transporter.
 20754 | Gauntlet | Found a transporter.
 20773 | Gauntlet | Found a transporter.
 20785 | Gauntlet | Found a transporter.
 20797 | Gauntlet | Found a transporter.
 20806 | Gauntlet | Found a transporter.
 20815 | Gauntlet | Found a transporter.
 20815 | Gauntlet | Found a transporter.
 20830 | Gauntlet | Found a transporter.
 20847 | Gauntlet | Found a transporter.
 20866 | Gauntlet | Found a transporter.
 21100 | Gauntlet | Found a transporter.
 21107 | Gauntlet | Found a transporter.
 21157 | Gauntlet | Found a transporter.
 21164 | Gauntlet | Identified a scroll of acquirement
 21164 | Gauntlet | Acquired 1261 gold pieces
 21245 | Gauntlet | Found a transporter.
 21263 | Gauntlet | Reached skill level 10 in Invocations
 21325 | Gauntlet | Received a gift from Okawaru
 21675 | D:11     | Noticed Snorg
 21684 | D:11     | Killed Snorg
 21805 | D:11     | Noticed Psyche
 21813 | D:11     | Killed Psyche
 21981 | D:11     | Found Becwusa's Jewellery Boutique.
 22412 | D:12     | Reached skill level 5 in Dodging
 22432 | D:12     | Received a gift from Okawaru
 22539 | D:12     | Reached skill level 15 in Unarmed Combat
 22635 | D:12     | Noticed corvin's ghost (journeyman DgWn)
 22669 | D:12     | Found a runed translucent door.
 22852 | D:12     | Found a staircase to the Orcish Mines.
 23083 | D:1      | Bought a glowing crystal plate armour for 2324 gold pieces
 23290 | D:12     | Killed corvin's ghost
 23364 | Orc:1    | Entered Level 1 of the Orcish Mines
 23441 | Orc:1    | Found a transporter.
 23446 | Orc:1    | Noticed Renzlar's ghost (journeyman GnFi)
 23484 | Orc:1    | Found Fetisan's Distillery.
 23547 | Orc:1    | Found a transporter.
 23814 | Orc:2    | Entered Level 2 of the Orcish Mines
 23825 | Orc:2    | Reached XP level 15. HP: 122/137 MP: 18/21
 24021 | Orc:2    | Found Vothreoc's General Store.
 24024 | Orc:2    | Found Bihue's Specific Store.
 24058 | Orc:2    | Noticed an orc warlord
 24075 | Orc:2    | Killed an orc warlord
 24090 | Orc:2    | Paralysed by an orc sorcerer for 5 turns
 24571 | Orc:2    | Found a large runed translucent door.
 24573 | Orc:2    | Found a large runed translucent door.
 24667 | Orc:2    | Noticed DemonSlayer's ghost (journeyman DsFE)
 24699 | Orc:2    | Found a staircase to the Elven Halls.
 25249 | Orc:2    | Paralysed by an orc sorcerer for 3 turns
 25460 | Orc:2    | Paralysed by an orc sorcerer for 2 turns
 25685 | Orc:2    | Found Kacvaff's Distillery.
 25685 | Orc:2    | Found Coehu's Armour Shoppe.
 25691 | Orc:2    | Found Ubyhu's Assorted Antiques.
 25691 | Orc:2    | Found Caifasop's General Store.
 25719 | Orc:2    | Bought a scroll of enchant armour for 232 gold pieces
 25802 | Orc:2    | Killed DemonSlayer's ghost
 25808 | Orc:2    | Identified the ring "Wuryzuji" {rF+ rN+ MP+9 Int-5 Dex+4}
 26020 | Snake:1  | Entered Level 1 of the Snake Pit
 26059 | Snake:1  | You fall into a shaft and drop 1 floor!
 26148 | Snake:2  | Noticed a nagaraja
 26212 | Snake:2  | Killed a nagaraja
 26229 | Snake:2  | Found a transporter.
 26235 | Snake:2  | Found a transporter.
 26268 | Snake:2  | Noticed Vashnia
 26351 | Snake:1  | Reached skill level 10 in Shields
 26981 | Snake:2  | Noticed Donald
 27006 | Snake:2  | Killed Donald
 27500 | Shoals:1 | Entered Level 1 of the Shoals
 27974 | D:11     | Bought an amulet of reflection for 480 gold pieces
 28834 | Shoals:1 | Identified the +0 cloak of Rywileu {rC+ Int+2} (Okawaru
                  | gifted it to you on level 1 of the Shoals)
 28834 | Shoals:1 | Received a gift from Okawaru
 29236 | Shoals:1 | Upgraded the game from 0.29.0-3-gbb0933ed62 to
                  | 0.29.0-4-gdea44cf6ec
 29592 | Shoals:1 | Reached XP level 16. HP: 99/147 MP: 20/22
 30655 | Shoals:2 | Reached skill level 15 in Fighting
 30969 | Shoals:2 | Noticed a kraken
 31381 | Shoals:3 | Noticed Polyphemus
 31657 | Shoals:3 | Noticed Bai Suzhen
 31673 | Shoals:2 | Identified the +2 sling of the Swamp {flame, rElec rN+
                  | Int-3 Stlth+} (Okawaru gifted it to you on level 2 of the
                  | Shoals)
 31673 | Shoals:2 | Received a gift from Okawaru
 31699 | Shoals:2 | Killed Bai Suzhen
 32013 | Shoals:3 | Killed Polyphemus
 32024 | Shoals:3 | Identified the +1 cloak of Baldness {Rampage rC+ Str-2}
 32126 | Shoals:3 | Found Ofyifar's Overcharged Wands.
 32134 | Shoals:3 | Received a gift from Okawaru
 32390 | Shoals:3 | Identified the +1 robe of the Blind Marksman {+Blink rElec}
                  | (Okawaru gifted it to you on level 3 of the Shoals)
 32390 | Shoals:3 | Received a gift from Okawaru
 33164 | Shoals:3 | Reached XP level 17. HP: 157/157 MP: 23/23
 33236 | Shoals:4 | Entered Level 4 of the Shoals
 33478 | Arena    | Entered the Arena
 34106 | Shoals:4 | Got a barnacled rune of Zot
 34426 | Shoals:2 | Noticed a kraken
 35894 | D:13     | Identified the +3 demon blade of Objectivity {elec, rN+}
                  | (Okawaru gifted it to you on level 13 of the Dungeon)
 35894 | D:13     | Received a gift from Okawaru
 35912 | D:13     | Found a gate to the Vaults.
 36381 | D:14     | Noticed Josephine
 36396 | D:14     | Killed Josephine
 36795 | D:14     | Found a basalt altar of Yredelemnul.
 36842 | D:14     | Noticed Nessos
 36853 | D:14     | Killed Nessos
 36894 | D:14     | Noticed Jorgrun
 36905 | D:14     | Killed Jorgrun
 37691 | D:14     | Identified the +2 leather armour "Fevy" {rN+ Int+3}
 37752 | D:14     | Identified the +6 broad axe "Wysunt" {pain, Str+3 SInv}
 37809 | D:14     | Found an iron altar of Okawaru.
 37819 | D:14     | Received a gift from Okawaru
 38298 | D:15     | Entered Level 15 of the Dungeon
 38437 | D:15     | Found a stormy altar of Qazlal.
 38704 | D:15     | Found a staircase to the Depths.
 39171 | D:15     | Reached XP level 18. HP: 122/168 MP: 24/24
 39299 | D:15     | Found Paiper's Book Shoppe.
 39308 | D:15     | Identified the +0 quarterstaff "Xuoczeaw" {freeze, rC+}
                  | (Okawaru gifted it to you on level 15 of the Dungeon)
 39308 | D:15     | Received a gift from Okawaru
 39648 | Depths:1 | Entered Level 1 of the Depths
 39741 | Vaults:1 | Entered Level 1 of the Vaults
 40021 | Vaults:1 | Identified the ring of the Blind Eye {rElec rC+ rN++ Int-4
                  | Dex+6}
 40937 | Vaults:1 | Found Ilengous's Jewellery Shoppe.
 41042 | Vaults:1 | Received a gift from Okawaru
 41261 | Vaults:1 | Identified the +5 arbalest "Waunn" {elec, rCorr Int-5 Dex-5
                  | SInv}
 41708 | Vaults:2 | Identified the +19 crystal plate armour "Feqyzor" {rCorr
                  | Int+5} (Okawaru gifted it to you on level 2 of the Vaults)
 41708 | Vaults:2 | Received a gift from Okawaru
 42159 | Vaults:2 | Found a staircase to the Crypt.
 42159 | Vaults:2 | Found an ancient bone altar of Kikubaaqudgha.
 42170 | Vaults:2 | Found a basalt altar of Yredelemnul.
 43224 | Vaults:3 | Reached XP level 19. HP: 157/177 MP: 25/25
 43782 | Vaults:3 | Noticed Mara
 43787 | Vaults:3 | Noticed diecastcamel's illusion
 43903 | Vaults:2 | Killed Mara
 43903 | Vaults:2 | Received a gift from Okawaru
 44298 | Vaults:3 | Reached skill level 10 in Dodging
 44699 | Vaults:2 | Reached skill level 15 in Armour
 45602 | Vaults:3 | Reached XP level 20. HP: 184/189 MP: 26/26
 46258 | Vaults:4 | Found Vutao's Assorted Antiques.
 46261 | Vaults:4 | Bought a scroll of enchant armour for 300 gold pieces
 46336 | Vaults:4 | Received a gift from Okawaru
 47613 | Snake:2  | Killed Vashnia
 47839 | Snake:2  | Received a gift from Okawaru
 48096 | Snake:2  | Found a one-way gate to the infinite horrors of the Abyss.
 48098 | Snake:2  | Noticed wjtupper's ghost (adept MiHu)
 48098 | Snake:2  | Noticed a profane servitor
 48132 | Snake:2  | Killed a profane servitor
 48144 | Snake:2  | Killed wjtupper's ghost
 48747 | Snake:3  | Noticed Nikola
 48762 | Snake:3  | Killed Nikola
 48901 | Snake:3  | Noticed Aizul
 48917 | Snake:3  | Killed Aizul
 48955 | Snake:3  | Reached XP level 21. HP: 198/198 MP: 27/27
 49154 | Snake:3  | Identified Roxanne's Reference Book on Geology
 49154 | Snake:3  | Noticed Roxanne
 49459 | Snake:3  | Identified the +6 quarterstaff of the Bedazzling Vulture
                  | {vorpal, rF- Int+3 Dex+4} (Okawaru gifted it to you on
                  | level 3 of the Snake Pit)
 49459 | Snake:3  | Received a gift from Okawaru
 49687 | Snake:4  | Entered Level 4 of the Snake Pit
 49923 | Snake:4  | Reached skill level 15 in Shields
 50577 | Snake:4  | Received a gift from Okawaru
 50645 | Snake:4  | Got a serpentine rune of Zot
 51124 | Crypt:1  | Entered Level 1 of the Crypt
 51175 | Crypt:1  | Identified the +2 cloak "Kadewn" {rCorr Slay+2}
 52466 | Crypt:2  | Received a gift from Okawaru
 53426 | Crypt:2  | Reached XP level 22. HP: 209/209 MP: 28/28
 53861 | Crypt:3  | Entered Level 3 of the Crypt
 54745 | Crypt:3  | Found a staircase to the Tomb.
 54749 | Crypt:3  | Found the +8 Vampire's Tooth {vamp}
 54890 | Crypt:3  | Identified the +4 demon whip of the Unspeakable One {elec,
                  | +Blink rN+ Dex-5}
 54920 | Crypt:3  | Noticed a dread lich
 54933 | Crypt:3  | Killed a dread lich
 55661 | Crypt:3  | Identified the +3 plate armour of the Shore {*Slow rElec
                  | Str+3 Dex+2} (Okawaru gifted it to you on level 3 of the
                  | Crypt)
 55661 | Crypt:3  | Received a gift from Okawaru
 55717 | Crypt:3  | Found an ancient bone altar of Kikubaaqudgha.
 55808 | Crypt:3  | Identified the ring "Picajis" {rN+ Dex+2}
 55808 | Crypt:3  | Identified the ring "Gyc Tuem" {rElec rN+}
 55808 | Crypt:3  | Identified the ring "Ofuylax" {rF+ rN+}
 55869 | Crypt:3  | Noticed a dread lich
 55878 | Crypt:3  | Paralysed by something for 3 turns
 55885 | Crypt:3  | Paralysed by something for 3 turns
 55893 | Crypt:3  | Killed a dread lich
 56353 | Crypt:3  | Acquired a manual of Dodging
 56628 | Elf:1    | Entered Level 1 of the Elven Halls
 56969 | Elf:1    | Found Huyfisit's Jewellery Emporium.
 56970 | Elf:1    | Found Geaf's Book Shop.
 56971 | Elf:1    | Found Vylip's Jewellery Emporium.
 57524 | Elf:2    | Found Iqenaram's Jewellery Boutique.
 57577 | Elf:2    | Found Nuzang's Weapon Emporium.
 57810 | Elf:2    | Received a gift from Okawaru
 58014 | Elf:2    | Found a runed translucent gate.
 58014 | Elf:2    | Found a runed translucent gate.
 58014 | Elf:2    | Found a runed translucent gate.
 58111 | Elf:2    | Found Hankor's Distillery.
 58182 | Elf:2    | Found Oxkucw's Distillery.
 58214 | Elf:2    | Found Kewoim's Assorted Antiques.
 58603 | Elf:2    | Noticed Saint Roka
 58621 | Elf:2    | Reached skill level 15 in Dodging
 58635 | Elf:2    | Killed Saint Roka
 58636 | Elf:2    | Reached XP level 23. HP: 118/220 MP: 29/29
 58955 | Elf:3    | Entered Level 3 of the Elven Halls
 59046 | Elf:3    | Received a gift from Okawaru
 59403 | Elf:3    | Noticed Asterion
 59416 | Elf:3    | Killed Asterion
 59499 | Abyss:2  | Cast into level 2 of the Abyss (a deep elf sorcerer)
 59874 | Abyss:4  | Paralysed by a floating eye for 2 turns
 59892 | Abyss:4  | Paralysed by a floating eye for 4 turns
 59938 | Abyss:4  | Identified the +2 pair of boots "Wamod" {rPois Str-5
                  | Stlth+} (Okawaru gifted it to you on level 4 of the Abyss)
 59938 | Abyss:4  | Received a gift from Okawaru
 60013 | Abyss:4  | Paralysed by accursed screaming for 1 turns
 60025 | Abyss:5  | Noticed a golden dragon
 60025 | Abyss:5  | a shadow dragon changed into a golden dragon
 60026 | Abyss:5  | Noticed a caustic shrike
 60026 | Abyss:5  | a golden dragon changed into a caustic shrike
 60028 | Abyss:5  | a caustic shrike changed into an acid blob
 60080 | Abyss:5  | Got an abyssal rune of Zot
 60129 | Elf:3    | Escaped the Abyss
 60820 | Elf:3    | Identified the +8 quarterstaff "Killer Bee's Bane" {freeze,
                  | *Rage rElec rPois Dex+6}
 61044 | Elf:3    | Identified the amulet of Cuomipt {Reflect Dex+3 SH+5}
 61440 | Elf:3    | Identified the +8 dagger "Dostuuw" {vorpal, rElec rF- rCorr
                  | Dex+5}
 61489 | Elf:3    | Identified the ring of Uvenygh {rF+ rN+ Int+2}
 61493 | Elf:3    | Found the +3 pair of mountain boots {steadfast, rC+}
 61520 | Elf:3    | Found the +2 hood of the Assassin {Detection Stab+ Stlth++}
 61574 | Elf:3    | Got the Writings on the Sky
 61937 | Depths:1 | Identified the +2 hand axe of Rotten Defence {vorpal, rN++}
 62469 | Depths:1 | Paralysed by a sphinx for 3 turns
 62829 | Depths:1 | Identified the +7 plate armour of the Republic {rC+ Str+2}
                  | (Okawaru gifted it to you on level 1 of the Depths)
 62829 | Depths:1 | Received a gift from Okawaru
 62871 | Depths:1 | Found a gateway to Hell.
 62888 | Depths:1 | Reached XP level 24. HP: 190/231 MP: 29/29
 63577 | Depths:2 | Found a one-way gateway to a ziggurat.
 63647 | Depths:2 | Noticed Sojobo
 63665 | Depths:2 | Killed Sojobo
 63846 | Abyss:5  | Cast into level 5 of the Abyss (hell knight)
 64029 | Abyss:5  | Found a corrupted altar of Lugonu.
 64145 | Abyss:5  | Found a corrupted altar of Lugonu.
 64158 | Depths:1 | Escaped the Abyss
 64855 | Depths:2 | Found a one-way gate leading to the halls of Pandemonium.
 65590 | Depths:3 | Found the dreamshard necklace {*Dream Drain}
 66097 | Depths:4 | Entered Level 4 of the Depths
 66149 | Depths:3 | Received a gift from Okawaru
 67083 | Depths:4 | Found a gate to the Realm of Zot.
 67166 | Depths:4 | Found a sparkling altar of Nemelex Xobeh.
 67252 | Depths:4 | Reached XP level 25. HP: 165/240 MP: 29/29
 67578 | Depths:4 | Noticed a juggernaut
 67592 | Depths:4 | Killed a juggernaut
 67711 | Zot:1    | Entered Level 1 of the Realm of Zot
 68010 | Vaults:5 | Entered Level 5 of the Vaults
 68248 | Vaults:5 | Received a gift from Okawaru
 68385 | Vaults:5 | Identified the +8 broad axe of Defence {antimagic, rElec}
 69146 | Vaults:5 | Identified the ring "Vanug" {rC- rCorr Str+3}
 69320 | Vaults:5 | Noticed Boris
 69414 | Vaults:4 | Killed Boris
 69440 | Vaults:4 | Received a gift from Okawaru
 70118 | Vaults:5 | Got a silver rune of Zot
 70135 | Vaults:5 | Got the Parchment of Dark Shaping
 70162 | Vaults:5 | Identified the +2 scale mail of Protective Custody {rF+ rC+
                  | Dex+2}
 70178 | Vaults:5 | Got the Parchment of Venin and the Summer
 70341 | Vaults:5 | Noticed an ancient lich
 70346 | Vaults:5 | Killed an ancient lich
 70942 | Zot:1    | Reached XP level 26. HP: 247/251 MP: 29/29
 70952 | Zot:1    | Identified the +1 plate armour of the First Brewing Lies
                  | {-Cast rPois Str+2 Slay+5} (Okawaru gifted it to you on
                  | level 1 of the Realm of Zot)
 70952 | Zot:1    | Received a gift from Okawaru
 74157 | Zot:2    | Received a gift from Okawaru
 74428 | Zot:3    | Identified the +6 plate armour "Ceonemu" {Regen+}
 76062 | Zot:3    | Identified the +3 pair of boots of Pride {rElec rC+}
                  | (Okawaru gifted it to you on level 3 of the Realm of Zot)
 76062 | Zot:3    | Received a gift from Okawaru
 76335 | Zot:4    | Noticed an orb of fire
 76354 | Zot:4    | Killed an orb of fire
 76638 | Zot:4    | Reached XP level 27. HP: 260/260 MP: 10/29
 76875 | Zot:4    | Found a transporter.
 77183 | Zot:5    | Entered Level 5 of the Realm of Zot
 77536 | Zot:5    | Noticed an ancient lich
 77537 | Zot:5    | Noticed an orb of fire
 77537 | Zot:5    | Noticed an orb of fire
 77537 | Zot:5    | Noticed an orb of fire
 77540 | Zot:5    | Noticed an orb of fire
 77540 | Zot:5    | Noticed an ancient lich
 77548 | Zot:5    | Killed an orb of fire
 77553 | Zot:5    | Killed an orb of fire
 77556 | Zot:5    | Noticed a dread lich
 77559 | Zot:5    | Killed an ancient lich
 77560 | Zot:5    | Noticed a dread lich
 77563 | Zot:5    | Noticed an ancient lich
 77573 | Zot:5    | Killed an orb of fire
 77574 | Zot:5    | Noticed a dread lich
 77574 | Zot:5    | Noticed a dread lich
 77586 | Zot:5    | Killed an orb of fire
 77632 | Zot:4    | Killed a dread lich
 77873 | Zot:4    | Killed a dread lich
 77879 | Zot:4    | Received a gift from Okawaru
 77906 | Zot:4    | Killed an ancient lich
 77911 | Zot:4    | Killed a dread lich
 78009 | Zot:5    | Killed a dread lich
 78042 | Zot:4    | Killed an ancient lich
 78629 | Zot:5    | Identified the amulet "Epha" {Spirit rPois rN+ SInv}
 79000 | Zot:5    | Got the Orb of Zot
 79167 | Zot:1    | Noticed an ancient lich
 79167 | Zot:1    | Noticed Ypit Qo Abef the pandemonium lord
 79171 | Zot:1    | Noticed Vuycu the pandemonium lord
 79197 | Zot:1    | Killed Ypit Qo Abef the pandemonium lord
 79318 | Depths:2 | Identified the +7 hand crossbow "Niawap" {penet, rPois MP+9
                  | Int+5 Dex-3} (Okawaru gifted it to you on level 2 of the
                  | Depths)
 79318 | Depths:2 | Received a gift from Okawaru
 79692 | D:$      | Escaped with the Orb!

Illustrated notes

Levels and vault maps discovered:
D:1:      dpeg_arrival_three_same_balls, layout_basic, serial_shops,
          nicolae_shop_stone, shop, shop_fountains,
          nicolae_shop_advertising_works [nicolae_subvault_shop_adworks]
D:2:      layout_loops_ring, ebering_ecumenical_altar_abandoned,
          corexii_hall_statues_i, uniq_terence
D:3:      layout_rooms, amcnicky_altar_gilded, trog_butcher_becter,
          nicolae_overflow_squiral, bh_walls_and_bars
D:4:      layout_basic, mainiacjoe_overflow_surrounded_room,
          okawaru_altar_gauntlet_db, hangedman_minor_gate_pass
D:5:      layout_gridville, grunt_dithmenos_smoke_and_mirrors,
          mainiacjoe_overflow_brackets, uniq_grinder, uniq_menkaure,
          uniq_prince_ribbit1
D:6:      wad_river_or_something, layout_basic, temple_doors_e
D:7:      gammafunk_beogh_shrine, layout_basic
D:8:      layout_loops_ring
D:9:      layout_loops_ring, mainiacjoe_overflow_alcove_4, chei_slow_surprise,
          due_lair_maze_entry_diamond, nicolae_figureground_sparkle
D:10:     layout_long_grid, zin_scriptorium
D:11:     layout_small_grid, gauntlet_entry_generic, serial_shops,
          nicolae_shop_statue_plus, shop, shop, nicolae_square_shop, shop,
          minmay_radiant, uniq_snorg, uniq_psyche, uniq_urug
D:12:     cheibrodos_barr_body, layout_cross, orc_0_dummy,
          hellmonk_ghost_happy_afterlife
D:13:     layout_basic, ximxim_vaults_locker_room
D:14:     evilmike_iron_armoury, layout_basic, serial_bayou_shore_b,
          nicolae_yredelemnul_corpse_copse, uniq_nessos, uniq_jorgrun,
          uniq_josephine
D:15:     gammafunk_depths_entry_grave, layout_loops_ring, serial_shops,
          nicolae_shop_statue_plus, nicolae_qazlal_scattered_showers
Lair:1:   layout_hall_layers, cheibrodos_lair_caveside_slide,
          nicolae_quartered_pool_impasse, chequers_serial_rivers_large_a,
          beast_lair_carwin_3
Lair:2:   layout_gridlike, guppyfry_snake_entry_island,
          infiniplex_staircase_pool_2
Lair:3:   layout_cave_pods, minmay_shoals_entry_lonely_mermaid,
          grunt_megastairs_4, infiniplex_staircase_pool, serial_bayou_shore_b
Lair:4:   layout_loops_ring, chequers_serial_rivers_micro_e,
          serial_bayou_pond_e, nicolae_lair_grazing_beasts
          [nicolae_sub_lair_graze_edge, nicolae_sub_lair_graze_edge,
          nicolae_sub_lair_graze_edge, nicolae_sub_lair_graze_edge]
Lair:5:   minmay_lair_end_frog_pond, layout_regular_city, slime_entry_1,
          lemuel_oklob_altar
Shoals:1: layout_shoals, lemuel_centaur_altar
Shoals:2: nicolae_shoals_lighthouse, layout_shoals
Shoals:3: layout_shoals, nicolae_shop_overcharged_wands, uniq_bai_suzhen,
          uniq_polyphemus
Shoals:4: shoals_end_grunt_garden, layout_shoals, nicolae_shoals_water_shrine
Snake:1:  layout_misc_corridors
Snake:2:  layout_misc_corridors, gammafunk_ghost_abyssal_escape, drop_trap,
          grunt_megastairs_2, uniq_vashnia, uniq_donald
Snake:3:  nicolae_cobra_stairs, layout_onion, st_stairs_6, uniq_aizul,
          uniq_nikola, uniq_roxanne
Snake:4:  grunt_snake_rune_pools, layout_rooms, drop_trap, st_stairs_3
Orc:1:    nicolae_orc_accident_1, layout_caves, serial_shops,
          nicolae_shop_temple_entry_statues_fountains,
          gammafunk_ghost_berserking_beasts
Orc:2:    grunt_orc_tribal_feast, layout_diamond_mine,
          ebering_ghost_disaster_area, nicolae_specific_store
Elf:1:    layout_geoelf_diagonals, minmay_elf_demonology,
          minmay_misc_feat_ornament, minmay_shop_grove
Elf:2:    elven_hall_of_blades_hangedman_original [mumra_blade_entry_dagger],
          layout_rooms, serial_shops, shop, shop, nicolae_lakefront_shop,
          nicolae_take_the_stairs, nicolae_shop_bloodbath_and_beyond,
          uniq_saint_roka
Elf:3:    grunt_elf_hall_asides, layout_loops_corners, uniq_asterion
Vaults:1: nicolae_vaults_network_quincunx
          [nicolae_vaults_network_quincunx_subvault,
          nicolae_vaults_network_quincunx_subvault,
          nicolae_vaults_network_quincunx_subvault,
          nicolae_vaults_network_quincunx_subvault,
          nicolae_vaults_network_quincunx_subvault],
          nicolae_vaults_network_periphery, nicolae_vaults_hallways_thing,
          ontoclasm_vaults_ring_small, grunt_vaults_swirl,
          nicolae_vaults_shelves_hall, dpeg_vaults_monster_box,
          nicolae_vaults_yaktaur_gun_rack, layout_vaults_big_cross,
          serial_shops, nicolae_shop_crystal
Vaults:2: minmay_crypt_entry_necro_gods, v_misc_11, nicolae_vaults_asterisk,
          vaults_mumra_minichess, nicolae_vaults_little_squares_6, v_misc_5,
          vaults_dpeg_cross, layout_vaults_quadrants
Vaults:3: ontoclasm_vaults_fault, vaults_mumra_chevron, vaults_room_fours,
          hangedman_vaults_capsules, nicolae_vaults_theta,
          nicolae_vaults_little_ls, nicolae_vaults_network_square,
          dpeg_vaults_pockets_of_resistance, ontoclasm_vaults_pinch,
          v_pattern_2, layout_vaults_maze_bifur, uniq_mara
Vaults:4: v_misc_3, hangedman_vaults_stitches, ontoclasm_vaults_hangar,
          ontoclasm_vaults_shuriken, nicolae_vaults_ninety_degrees, v_misc_31,
          v_misc_5, nicolae_vaults_angled_halls, vaults_dpeg_diagonal,
          layout_vaults_big_room, serial_shops, nicolae_shop_behind_doors
Vaults:5: uniq_boris
Crypt:1:  layout_gridlike, grunt_crypt_arrival_split, grunt_megastairs_5
Crypt:2:  layout_regular_city
Crypt:3:  quadcrypt_mu, uniq_margery
Depths:1: layout_gridlike, hellmouth_2, chequers_serial_rivers_micro_c,
          kilobyte_rumbling_trees
Depths:2: evilmike_halls_of_destruction, layout_gridville, enter_ziggurat_f,
          hellmouth_3, grunt_pan_entry_in_and_out, minmay_misc_feat_five,
          infiniplex_staircase_zigzag_4, uniq_sojobo
Depths:3: cheibrodos_quadrivalence, layout_gridlike,
          abyss_entry_small_statue_room, hell_entry, minmay_misc_feat_pillars,
          hex_large, grunt_ministairs_15, nicolae_fountain_basement
Depths:4: grunt_zot_entry_funnels, layout_basic, hell_entry,
          nemelex_altar_shiori, serial_corexii_hall, corexii_hall_statues_t,
          corexii_hall_statues_i, chequers_hall_statues_wall_a,
          chequers_hall_statues_corner_a, chequers_hall_statues_corner_a,
          chequers_hall_statues_wall_a
Zot:1:    infiniplex_zot_generator, layout_gridlike, uniq_josephina
Zot:2:    layout_gridlike, lemuel_elevator
Zot:3:    layout_concentric_octagons
Zot:4:    layout_misc_corridors, nicolae_diode_basic
Zot:5:    layout_basic

Skill      XL: |  1  2  3  4  5  6  7  8  9 10 11 12 13 14 15 16 17 18 19 20 21 22 23 24 25 26 27 |
---------------+----------------------------------------------------------------------------------+-----
Unarmed Combat | 3 4 5 6 8 10 11 12 13 14 15 16 17 18 19 20 21 22 23 | 23.6
Shields        | 3 4 5 6 8 9 10 11 12 13 14 15 16 18 19 | 19.8
Fighting       | 4 5 6 7 9 10 11 12 13 14 15 16 17 18 19 20 21 22 23 | 23.7
Armour         | 3 4 5 7 8 9 10 11 12 13 14 15 16 17 19 20 21 22 | 22.0
Invocations    | 2 3 5 7 9 10 | 10.0
Dodging        | 2 4 5 6 8 9 10 11 12 15 17 18 19 20 21 | 21.9

Action                   |  1- 3 |  4- 6 |  7- 9 | 10-12 | 13-15 | 16-18 | 19-21 | 22-24 | 25-27 || total
-------------------------+-------+-------+-------+-------+-------+-------+-------+-------+-------++-------
Melee: Unarmed           |   156 |   296 |   378 |   823 |  1632 |  1767 |  2032 |  2401 |  2180 || 11665
Throw: Stone             |    10 |       |     5 |       |       |       |       |       |       ||    15
       Dart              |       |     1 |    23 |     8 |     1 |       |       |       |       ||    33
Invok: Heroism           |       |       |     6 |     7 |    33 |    21 |    13 |    17 |    13 ||   110
       Finesse           |       |       |       |     2 |     8 |     4 |     5 |     3 |     6 ||    28
       Duel              |       |       |       |       |       |     1 |       |       |       ||     1
Evoke: Wand              |       |       |       |     6 |    16 |     1 |       |       |     1 ||    24
  Use: Potion            |     1 |     1 |       |       |       |     5 |       |    17 |     6 ||    30
       Scroll            |       |     3 |    11 |     4 |    23 |     9 |       |    22 |     7 ||    79
 Stab: Petrified         |       |       |       |     3 |     2 |       |       |       |       ||     5
       Distracted        |       |       |       |       |       |       |     1 |       |       ||     1
Armor: Scale mail        |    61 |    65 |       |       |       |       |       |       |       ||   126
       Chain mail        |       |    53 |   194 |    34 |    17 |       |       |       |       ||   298
       Plate armour      |       |       |       |   342 |    51 |       |       |       |       ||   393
       Crystal plate arm |       |       |       |       |   826 |   330 |   798 |  1337 |   823 ||  4114
       Storm dragon scal |       |       |       |       |       |   534 |       |       |       ||   534
Dodge: Dodged            |    46 |    83 |    79 |   208 |   368 |   422 |   395 |   797 |   636 ||  3034
Block: Buckler           |    25 |    34 |    43 |    95 |       |       |       |       |       ||   197
       Kite shield       |       |       |       |   130 |   948 |  1566 |  1631 |  1297 |       ||  5572
       Reflection        |       |       |       |       |    25 |   168 |   108 |    60 |    30 ||   391
       Tower shield      |       |       |       |       |       |       |       |  1528 |  2857 ||  4385
